 Dungeon Crawl Stone Soup version 0.27-a0-1302-g7736ffe575 (webtiles) character file.

Game seed: 3620477233729913545

2444 Gargoyl the Skirmisher (level 9, -2/71 (74) HPs)
             Began as a Gnoll Abyssal Knight on June 18, 2021.
             Was a Priest of Lugonu.
             Slain by a wight (11 damage)
             ... on level 7 of the Dungeon.
             The game lasted 00:10:50 (10400 turns).

Gargoyl the Skirmisher (Gnoll Abyssal Knight)      Turns: 10400, Time: 00:10:51

HP:   -2/71 (74)    AC: 10    Str: 14    XL:     9   Next: 49%
MP:   0/15          EV:  8    Int: 12    God:    Lugonu [***...]
Gold: 388           SH:  5    Dex: 12    Spells: 16/16 levels left

rFire    . . .     SeeInvis .   a - +2 hand axe
rCold    . . .     Faith    .   o - +0 buckler
rNeg     . . .     Spirit   +   i - +0 chain mail
rPois    .         Reflect  .   (no helmet)
rElec    .         Harm     .   (no cloak)
rCorr    .         Rampage  .   (no gloves)
Will     .....                  (no boots)
Stlth    ..........             c - amulet of guardian spirit
HPRegen  0.21/turn              (no ring)
MPRegen  0.14/turn              (no ring)

@: lightly drained
A: fangs 1, strong nose, distributed training
a: Renounce Religion, Depart the Abyss, Bend Space, Banish


You were on level 7 of the Dungeon.
You worshipped Lugonu.
Lugonu was most pleased with you.
You visited 1 branch of the dungeon, and saw 8 of its levels.
You visited the Abyss 1 time.

You collected 388 gold pieces.

Inventory:

Hand Weapons
 a - a +2 hand axe (weapon)
Missiles
 d - a javelin (quivered)
Armour
 i - a +0 chain mail (worn)
 o - a +0 buckler (worn)
Jewellery
 c - an amulet of guardian spirit (around neck)
Wands
 h - a wand of iceblast (10)
 m - a wand of paralysis (10)
 r - a wand of flame (24)
Scrolls
 e - 6 scrolls of identify
 l - a scroll of teleportation
 p - a scroll of enchant armour {unknown}
 q - a scroll of summoning
 s - 2 scrolls of enchant weapon
Potions
 b - a potion of cancellation
 f - 2 potions of flight
 g - 2 potions of magic
 n - 4 potions of curing


   Skills:
 + Level 7.9 Fighting
 + Level 4.3 Short Blades
 + Level 4.3 Long Blades
 + Level 6.3 Axes
 + Level 4.3 Maces & Flails
 + Level 4.3 Polearms
 + Level 4.3 Staves
 + Level 4.3 Slings
 + Level 4.3 Bows
 + Level 4.3 Crossbows
 + Level 4.3 Throwing
 + Level 6.3 Armour
 + Level 5.1 Dodging
 + Level 4.3 Stealth
 + Level 4.3 Shields
 + Level 4.3 Unarmed Combat
 + Level 4.3 Spellcasting
 + Level 3.5 Conjurations
 + Level 3.5 Hexes
 + Level 3.5 Summonings
 + Level 3.5 Necromancy
 + Level 3.5 Translocations
 + Level 3.5 Transmutations
 + Level 3.5 Fire Magic
 + Level 3.5 Ice Magic
 + Level 3.5 Air Magic
 + Level 3.5 Earth Magic
 + Level 3.5 Poison Magic
 + Level 6.7 Invocations
 + Level 4.3 Evocations


You had 16 spell levels left.
You didn't know any spells.
Your spell library contained the following spells:

 Spells                   Type           Power      Damage    Failure   Level
 Magic Dart               Conj           44%        1d5       67%         1
 Shock                    Conj/Air       44%        1d5       67%         1
 Searing Ray              Conj           22%        3d3       82%         2
 Static Discharge         Conj/Air       11%        N/A       82%         2
 Dazzling Flash           Conj/Hex       22%        N/A       96%         3
 Swiftness                Air            11%        N/A       96%         3
 Airstrike                Air            5%         N/A       100%        4
 Fulminant Prism          Conj/Hex       5%         3d7       100%        4
 Iskenderun's Mystic Bla  Conj/Tloc      11%        2d4       100%        4
 Lightning Bolt           Conj/Air       5%         1d17      100%        5


Dungeon Overview and Level Annotations

Branches:
Dungeon (8/15)             Temple (0/1) D:4
   Lair: D:8-11

Altars:
Elyvilon

Annotations:
D:3 2 transporters, BlueGoblin's ghost, amateur DjFE


Innate Abilities, Weirdness & Mutations

You have very sharp teeth.
Your uncanny sense of smell can sniff out nearby items.
Your experience applies equally to all skills.


Message History

You climb upwards.
The wight barely misses you. You block the wight's attack.
There is a stone staircase leading down here.
You see here a +0 whip.
The wight hits you with a +3 great sword of freezing!
The wight freezes you. The wight hits you with a +3 battleaxe.
Unknown command.
You hit the wight.
The wight is lightly damaged.
You closely miss the wight.
The wight hits you with a +3 great sword of freezing!
The wight freezes you. The wight closely misses you.
You completely miss the wight.
The wight is lightly damaged.
You hit the wight but do no damage. The wight closely misses you.
The wight barely misses you.
Unknown command.
You hit the wight.
The wight is moderately damaged.
You barely miss the wight. You block the wight's attack.
The wight hits you but does no damage.
Unknown command.
You hit the wight.
The wight is heavily damaged.
You closely miss the wight.
The wight hits you with a +3 great sword of freezing!
The wight freezes you. You block the wight's attack.
Unknown command.
You hit the wight but do no damage. You bite the wight, but do no damage.
The wight is heavily damaged.
You closely miss the wight.
The wight hits you with a +3 great sword of freezing!
The wight freezes you. The wight hits you with a +3 battleaxe!
* * * LOW HITPOINT WARNING * * *
Unknown command.
Space bends around you!
You blink.
The wight hits you with a +3 battleaxe!
* * * LOW HITPOINT WARNING * * *
Unknown command.
The wight hits you with a +3 great sword of freezing!
You die...

?# #..# .# ##.#
.###########.#
.'..........>#####
.########........######
## #..'........'....#
#.##........####.#####.#
#.##.....lz............#
#.######..z@.###.#######
#.# #####.# #.# #.# #.#
#.### ######.# #.# #...#
.......# #.# ###.#
.#####.# #.# #.#
.####### #.# #.#
.......# #.# #.#
######.# #.# #.#


You could see an iguana and 2 wights.

Vanquished Creatures
  Sigmund (D:5)
  Duvessa (D:7)
  A black bear (D:4)
  An ice beast (D:8)
  2 sky beasts (D:6)
  2 necrophages
  3 ogres
  2 phantoms
  A water moccasin zombie (D:6)
  A scorpion (D:3)
  Dowan (D:7)
  A howler monkey (D:5)
  3 wights
  A bullfrog zombie (D:5)
  A jelly (D:6)
  An orc priest (D:5)
  A hound (D:3)
  A bullfrog skeleton (D:5)
  2 centaur skeletons (D:6)
  7 iguanas
  3 orc wizards
  4 gnolls
  7 adders
  A shadow imp (D:7)
  2 white imps
  An adder skeleton (D:4)
  A worm (D:2)
  3 dart slugs (D:1)
  22 orcs
  10 bats
  A bat zombie (D:1)
  7 endoplasms
  5 giant cockroaches
  7 goblins
  7 hobgoblins
  6 jackals
  13 quokkas
  5 ball pythons
  4 frilled lizards
  5 kobolds
  A quokka zombie (D:1)
  7 rats
156 creatures vanquished.

Notes
Turn   | Place    | Note
-------+----------+-------------------------------------------
     0 | Abyss:1  | Gargoyl the Gnoll Abyssal Knight began the quest for the
                  | Orb.
     0 | Abyss:1  | Reached XP level 1. HP: 23/23 MP: 3/3
   115 | Abyss:2  | Noticed an ancient lich
   118 | Abyss:2  | Noticed a green death
   120 | D:1      | Escaped the Abyss
   198 | D:1      | Reached * piety under Lugonu
   359 | D:1      | Reached XP level 2. HP: 29/29 MP: 5/5
   778 | D:1      | Reached XP level 3. HP: 28/35 MP: 3/6
  1677 | D:1      | Reached skill level 1 in Short Blades
  1677 | D:1      | Reached skill level 1 in Long Blades
  1677 | D:1      | Reached skill level 1 in Maces & Flails
  1677 | D:1      | Reached skill level 1 in Polearms
  1677 | D:1      | Reached skill level 1 in Staves
  1677 | D:1      | Reached skill level 1 in Slings
  1677 | D:1      | Reached skill level 1 in Bows
  1677 | D:1      | Reached skill level 1 in Crossbows
  1677 | D:1      | Reached skill level 1 in Throwing
  1677 | D:1      | Reached skill level 1 in Stealth
  1677 | D:1      | Reached skill level 1 in Shields
  1677 | D:1      | Reached skill level 1 in Unarmed Combat
  1677 | D:1      | Reached skill level 1 in Spellcasting
  1677 | D:1      | Reached skill level 1 in Evocations
  1677 | D:1      | Reached XP level 4. HP: 27/41 MP: 3/7
  1884 | D:2      | Reached ** piety under Lugonu
  1995 | D:2      | Reached skill level 1 in Conjurations
  1995 | D:2      | Reached skill level 1 in Hexes
  1995 | D:2      | Reached skill level 1 in Summonings
  1995 | D:2      | Reached skill level 1 in Necromancy
  1995 | D:2      | Reached skill level 1 in Translocations
  1995 | D:2      | Reached skill level 1 in Transmutations
  1995 | D:2      | Reached skill level 1 in Fire Magic
  1995 | D:2      | Reached skill level 1 in Ice Magic
  1995 | D:2      | Reached skill level 1 in Air Magic
  1995 | D:2      | Reached skill level 1 in Earth Magic
  1995 | D:2      | Reached skill level 1 in Poison Magic
  2656 | D:2      | Reached XP level 5. HP: 23/47 MP: 5/8
  3421 | D:3      | Noticed an ogre
  3444 | D:2      | Killed an ogre
  3445 | D:2      | Reached skill level 5 in Invocations
  3629 | D:3      | Reached XP level 6. HP: 44/53 MP: 7/9
  4127 | D:3      | Reached skill level 5 in Axes
  4127 | D:3      | Reached skill level 5 in Armour
  4177 | D:3      | Found a transporter.
  4177 | D:3      | Noticed BlueGoblin's ghost (amateur DjFE)
  4177 | D:3      | Identified the +4 great mace of Nemelex Xobeh's Fury
                  | {freeze, Str+3}
  4182 | D:3      | Found a transporter.
  4666 | D:3      | HP: 2/53 [poisoned by a scorpion]
  5435 | D:4      | Found a staircase to the Ecumenical Temple.
  5534 | D:4      | Noticed a necrophage
  5546 | D:4      | Killed a necrophage
  5547 | D:4      | Reached skill level 7 in Fighting
  5547 | D:4      | Reached XP level 7. HP: 53/60 MP: 8/10
  5896 | D:4      | Reached *** piety under Lugonu
  6501 | D:5      | Entered Level 5 of the Dungeon
  6748 | D:5      | Reached XP level 8. HP: 42/67 MP: 9/12
  7403 | D:5      | Noticed Sigmund
  7415 | D:5      | Killed Sigmund
  7903 | D:6      | Found a white marble altar of Elyvilon.
  8673 | D:6      | Reached XP level 9. HP: 66/72 MP: 14/14
  9400 | D:7      | Reached **** piety under Lugonu
  9415 | D:7      | Noticed a hornet
  9421 | D:7      | Paralysed by a hornet for 2 turns
  9427 | D:7      | Paralysed by a hornet for 2 turns
  9433 | D:7      | Banished a hornet
  9779 | D:7      | Noticed Dowan
  9781 | D:7      | Noticed Duvessa
  9799 | D:7      | Killed Duvessa
  9801 | D:7      | Killed Dowan
 10172 | D:7      | Reached skill level 5 in Dodging
 10400 | D:7      | Slain by a wight

Illustrated notes

Levels and vault maps discovered:
D:1:      saegor_arrival_fortress, layout_loops_ring
D:2:      layout_basic
D:3:      minmay_recursive_quarters, layout_basic, gammafunk_ghost_smash,
          minmay_fractal_squares_diagonal_5
D:4:      kennysheep_big_flooded_room, layout_loops_corners, temple_green
D:5:      layout_loops_corners, serial_glass, glass_columns_a, glass_columns_b,
          uniq_sigmund
D:6:      layout_rooms, elyvilon_altar_5, serial_curves, eino_curves_04,
          eino_curves_02, kennysheep_big_empty_room, eino_tiny_chamber,
          kennysheep_generic_room_14
D:7:      layout_basic, serial_shops, nicolae_shop_window_shopping, uniq_duvessa
D:8:      layout_layer_cave, due_unseen_surprise

Skill      XL: |  1  2  3  4  5  6  7  8  9 |
---------------+----------------------------+-----
Short Blades   | 1 2 3 4 |  4.3
Long Blades    | 1 2 3 4 |  4.3
Maces & Flails | 1 2 3 4 |  4.3
Polearms       | 1 2 3 4 |  4.3
Staves         | 1 2 3 4 |  4.3
Slings         | 1 2 3 4 |  4.3
Bows           | 1 2 3 4 |  4.3
Crossbows      | 1 2 3 4 |  4.3
Throwing       | 1 2 3 4 |  4.3
Stealth        | 1 2 3 4 |  4.3
Shields        | 1 2 3 4 |  4.3
Unarmed Combat | 1 2 3 4 |  4.3
Spellcasting   | 1 2 3 4 |  4.3
Evocations     | 1 2 3 4 |  4.3
Conjurations   | 1 2 3 |  3.5
Hexes          | 1 2 3 |  3.5
Summonings     | 1 2 3 |  3.5
Necromancy     | 1 2 3 |  3.5
Translocations | 1 2 3 |  3.5
Transmutations | 1 2 3 |  3.5
Fire Magic     | 1 2 3 |  3.5
Ice Magic      | 1 2 3 |  3.5
Air Magic      | 1 2 3 |  3.5
Earth Magic    | 1 2 3 |  3.5
Poison Magic   | 1 2 3 |  3.5
Dodging        | 3 4 5 |  5.1
Invocations    | 5 6 |  6.7
Axes           | 5 6 |  6.3
Armour         | 5 6 |  6.3
Fighting       | 7 |  7.9

Action                   |  1- 3 |  4- 6 |  7- 9 || total
-------------------------+-------+-------+-------++-------
Melee: Hand axe          |   109 |   251 |   384 ||   744
       Bite              |     5 |    12 |    40 ||    57
       Punch             |       |     5 |     2 ||     7
Throw: Javelin           |       |       |    25 ||    25
       Boomerang         |       |       |     3 ||     3
Invok: Depart the Abyss  |     1 |       |       ||     1
       Bend Space        |       |       |     1 ||     1
       Banish            |       |       |     1 ||     1
  Use: Potion            |     1 |     1 |     4 ||     6
       Scroll            |       |     9 |     7 ||    16
 Stab: Sleeping          |     2 |       |       ||     2
Armor: Leather armour    |    33 |    37 |       ||    70
       Skin              |     8 |       |     9 ||    17
       Chain mail        |       |   110 |   203 ||   313
Dodge: Dodged            |    81 |   159 |   157 ||   397
Block: Buckler           |       |       |    56 ||    56

Table legend: (Time is in decaauts)
 A = Elapsed time spent in this place.
 B = Non-inter-level travel time spent in this place.
 C = Inter-level travel time spent in this place.
 D = Time resting spent in this place.
 E = Time spent auto-exploring this place.
 F = Levels seen in this place.
 G = Mean time per level.
                   A        B        C        D        E       F      G
               +--------+--------+--------+--------+--------+-----+--------+
         Total |  10448 |  10338 |    110 |   1494 |   7097 |  10 | 1044.8 |
       Dungeon |  10326 |  10216 |    110 |   1494 |   6989 |   8 | 1290.8 |
         Abyss |    121 |    121 |      0 |      0 |    108 |   2 |   60.5 |
               +--------+--------+--------+--------+--------+-----+--------+

Top non-repeatable levels by time:
     D:2: 1759 daAuts
     D:1: 1729 daAuts
     D:3: 1685 daAuts
     D:6: 1439 daAuts
     D:5: 1407 daAuts
     D:4: 1238 daAuts
     D:7: 892 daAuts
     D:8: 175 daAuts
 Abyss:1: 70 daAuts
 Abyss:2: 50 daAuts
